 Dungeon Crawl Stone Soup version 0.30.1-4-g462c640d31 (webtiles) character file.

Game seed: 17271782593822068954

116 safid the Chiller (level 5, -2/36 (39) HPs)
             Began as a Merfolk Ice Elementalist on Sept 1, 2023.
             Slain by a wight
             ... wielding a +4 hand axe
              (5 damage)
             ... on level 3 of the Dungeon.
             The game lasted 00:03:15 (2164 turns).

safid the Chiller (Merfolk Ice Elementalist)        Turns: 2164, Time: 00:03:15

HP:   -2/36 (39)    AC:  9    Str:  8    XL:     5   Next: 1%
MP:   3/9           EV: 12    Int: 17    God:
Gold: 67            SH:  0    Dex: 14    Spells: 3/10 levels left

rFire   . . .        g - +0 dagger
rCold   . . .        (no shield)
rNeg    . . .        a - +0 robe
rPois   .            i - +0 helmet
rElec   .            (no cloak)
rCorr   .            (no gloves)
SInv    .            (no boots)
Will    .....        (no amulet)
Stlth   ++           k - +4 ring of slaying
HPRegen 0.26/turn    (no ring)
MPRegen 0.11/turn

%: no passive effects
@: ice-armoured, drained
A: (nimble swimmer 2), mertail
a: no special abilities


You were on level 3 of the Dungeon.
You visited 1 branch of the dungeon, and saw 3 of its levels.

You collected 67 gold pieces.

Inventory:

Hand Weapons
 g - a +0 dagger (weapon)
Armour
 a - a +0 robe (worn)
 i - a +0 helmet (worn)
Jewellery
 k - a +4 ring of slaying (left hand)
 p - a +6 ring of strength
Scrolls
 c - a scroll of noise {unknown}
 d - 12 scrolls of identify {unknown}
 l - a scroll of acquirement {unknown}
 m - a scroll of blinking {unknown}
 n - a scroll of magic mapping {unknown}
 o - a scroll of vulnerability {unknown}
 q - a scroll of fear {unknown}
Potions
 b - a potion of magic
 e - 2 potions of invisibility {unknown}
 f - 3 potions of heal wounds {unknown}
 h - 2 potions of cancellation {unknown}
 j - 2 potions of attraction {unknown}
 r - a potion of curing {unknown}
 s - a potion of ambrosia {unknown}


   Skills:
 + Level 2.6 Fighting
 - Level 2.6 Dodging
 - Level 2.1 Stealth
 + Level 3.1 Spellcasting
 + Level 5.2 Ice Magic


You had 3 spell levels left.
You knew the following spells:

 Your Spells              Type           Power      Damage    Failure   Level
a - Freeze                Ice            80%        1d9       1%          1
b - Frozen Ramparts       Ice            40%        1d7       6%          3
c - Ozocubu's Armour      Ice            20%        N/A       6%          3

Your spell library contained the following spells:

 Spells                   Type           Power      Damage    Failure   Level
 Lesser Beckoning         Tloc           4%         N/A       26%         2
 Dazzling Flash           Conj/Hex       4%         N/A       45%         3
 Gell's Gravitas          Tloc           2%         N/A       45%         3
 Teleport Other           Tloc           2%         N/A       45%         3
 Summon Ice Beast         Ice/Summ       11%        N/A       52%         4
 Agony                    Necr           2%         N/A       99%         5
 Silence                  Hex/Air        1%         N/A       99%         5


Dungeon Overview and Level Annotations

Branches:
Dungeon (3/15)

Altars:


Innate Abilities, Weirdness & Mutations

((You are very nimble when in or above water. (Stealth+, EV+, Speed+++)))
Your lower body shifts to a powerful aquatic tail in water.


Message History

The wight is lightly damaged.
The wight completely resists.
The wall freezes the wight but does no damage.
The wight completely misses you.
You hit the wight.
The wight is moderately damaged.
The wall freezes the wight but does no damage.
The wight hits you with a +4 hand axe.
You feel drained.
You hit the wight but do no damage.
The wight is moderately damaged.
The wight completely resists.
The wall freezes the wight but does no damage.
The wight barely misses you.
You hit the wight but do no damage.
The wight is moderately damaged.
The frozen ramparts melt away.
The wight hits you but does no damage.
You hit the wight but do no damage.
The wight is moderately damaged.
The wight hits you with a +4 hand axe.
You feel drained.
You hit the wight.
The wight is heavily damaged.
The wight hits you with a +4 hand axe.
You closely miss the wight.
The wight is heavily damaged.
The wight hits you with a +4 hand axe!
* * * LOW HITPOINT WARNING * * *
You hit the wight.
The wight is severely damaged.
The wight closely misses you.
You closely miss the wight.
The wight is severely damaged.
The wight barely misses you.
Casting: Ozocubu's Armour (dangerous; 6% risk of failure)
Confirm with . or Enter, or press ? or * to list all spells.
Aiming: Freeze (safe; 1% risk of failure)
Press: ? - help, Shift-Dir - straight line, f - wight
Aim: a wight, wielding a +4 hand axe and wearing a +0 robe (severely damaged)
You freeze the wight but do no damage.
The wight completely resists.
The wight hits you with a +4 hand axe.
You die...

............#
######..)##....
#.....#####
##.........
##.####### #.#
#### #.# #<.#
##'## ##@#
##...##
#z###...>.##
#.##.......##
##.#.........##
#..'.........'.
##.#.........#
##.##.......##
#..###.....##
#### ##...####


You could see a wight.

Vanquished Creatures
  7 adders
  2 dart slugs
  2 ball pythons
  7 endoplasms
  2 giant cockroaches
  2 goblins
  5 hobgoblins
  3 jackals (D:1)
  3 kobolds
  2 quokkas (D:2)
  8 bats
  A frilled lizard (D:2)
  7 rats
51 creatures vanquished.

Notes
Turn   | Place    | Note
-------+----------+-------------------------------------------
     0 | D:1      | safid the Merfolk Ice Elementalist began the quest for the
                  | Orb.
     0 | D:1      | Reached XP level 1. HP: 13/13 MP: 3/3
   272 | D:1      | Reached XP level 2. HP: 20/20 MP: 3/5
   372 | D:1      | Reached skill level 1 in Fighting
   765 | D:2      | Reached XP level 3. HP: 26/26 MP: 6/6
   772 | D:2      | Learned a level 3 spell: Frozen Ramparts
  1346 | D:2      | Reached skill level 5 in Ice Magic
  1346 | D:2      | Reached XP level 4. HP: 30/33 MP: 5/8
  1350 | D:2      | Learned a level 3 spell: Ozocubu's Armour
  2054 | D:3      | Noticed a phantom
  2084 | D:3      | Reached XP level 5. HP: 34/39 MP: 4/9
  2164 | D:3      | Slain by a wight

Illustrated notes

Levels and vault maps discovered:
D:1:      giann_wishing_wells, layout_basic
D:2:      layout_basic
D:3:      layout_loops_corners, lightli_corner_chamber, uniq_robin,
          uniq_terence, uniq_crazy_yiuf_cottage

Skill      XL: |  1  2  3  4 |
---------------+-------------+-----
Fighting       | 1 2 |  2.6
Ice Magic      | 5 |  5.2
Spellcasting   | 3 |  3.1
Dodging        | |  2.6
Stealth        | |  2.1

Action                     |  1- 3 |  4- 6 || total
---------------------------+-------+-------++-------
  Melee: Unarmed           |     7 |       ||     7
         Dagger            |    35 |    21 ||    56
         Punch             |     1 |       ||     1
   Cast: Freeze            |    35 |    22 ||    57
         Ozocubu's Armour  |       |     1 ||     1
         Frozen Ramparts   |       |     1 ||     1
   Stab: Sleeping          |     5 |     3 ||     8
 Armour: Robe              |    13 |     6 ||    19
  Dodge: Dodged            |    56 |    22 ||    78
